[Event "DVM U14w 2019"]
[Site "Neumuenster"]
[Date "2019.12.28"]
[Round "3"]
[White "Zoellner, Bente"]
[Black "Oswald, Hannah"]
[Result "*"]
[ECO "D26"]
[WhiteElo "1630"]
[BlackElo "1647"]
[Annotator "NA RC"]
[PlyCount "54"]
[EventDate "2019.12.27"]
[EventType "team-tourn"]
[EventRounds "7"]
[EventCountry "GER"]
[SourceTitle "playchess.com"]
[Source "ChessBase"]
[SourceQuality "1"]
[WhiteTeam "SC Papenburg"]
[BlackTeam "SG Leipzig"]
[WhiteTeamCountry "GER"]
[BlackTeamCountry "GER"]
[TimeControl "40/5400+30:1800+30"]

1. Nf3 Nf6 2. c4 e6 3. d4 d5 4. e3 dxc4 5. Bxc4 a6 6. Bb3 c5 7. O-O Nc6 8. Re1 Be7 9. Nc3 b5 10. d5 exd5 11. Nxd5 c4 12. Nxe7 Qxe7 13. Bc2 Bg4 14. h3 Bh5 15. g4 Bg6 16. Nd4 Bxc2 17. Qxc2 Nxd4 18. Qc3 Nf3+ 19. Kf1 Nxe1 20. Kxe1 O-O 21. b3 Ne4 22. Qc2 Qb4+ 23. Ke2 Qc3 24. Qxc3 Nxc3+ 25. Kf3 {[%emt 0:00:09] unterminated} Nd5 26. bxc4 bxc4 {[%emt 0:00:30] unterminated} 27. Ba3 Rfe8 {[%emt 0:00:46] unterminated} *

[Event "DVM U14w 2019"]
[Site "Neumuenster"]
[Date "2019.12.28"]
[Round "3"]
[White "Schulz, Hannah"]
[Black "Berghold, Lotta"]
[Result "1-0"]
[ECO "B00"]
[WhiteElo "1588"]
[BlackElo "1398"]
[Annotator "NA"]
[PlyCount "106"]
[EventDate "2019.12.27"]
[EventType "team-tourn"]
[EventRounds "7"]
[EventCountry "GER"]
[SourceTitle "playchess.com"]
[Source "ChessBase"]
[SourceQuality "1"]
[WhiteTeam "Karlsruher SF"]
[BlackTeam "SC Borussia Lichtenberg"]
[WhiteTeamCountry "GER"]
[BlackTeamCountry "GER"]
[TimeControl "40/5400+30:1800+30"]

1. e4 b6 2. d4 Bb7 3. Bd3 e6 4. Nf3 Nf6 5. Qe2 d6 6. c4 Be7 7. Nc3 O-O 8. O-O Re8 9. Bf4 Bf8 10. Rfd1 g6 11. Bg5 Be7 12. Rac1 Nh5 13. Bxe7 Qxe7 14. Qe3 Nd7 15. Be2 Ng7 16. Qh6 Nf8 17. h4 Rad8 18. d5 e5 19. c5 Bc8 20. c6 a6 21. g3 f5 22. Qg5 Qf7 23. exf5 Qxf5 24. Qxf5 Nxf5 25. Ne4 Kg7 26. a4 h6 27. g4 Ne7 28. g5 Nh7 29. gxh6+ Kxh6 30. Nfg5 Nxg5 31. hxg5+ Kg7 32. Nf6 Rf8 33. Ra1 Ng8 34. a5 b5 35. Bxb5 axb5 36. a6 Bxa6 37. Rxa6 Nxf6 38. gxf6+ Rxf6 39. Ra7 Rf7 40. Rb7 Rdf8 41. Rd2 b4 42. Rxb4 Rf4 43. Rb7 R8f7 44. b4 Kf6 45. b5 Rb4 46. b6 Rxb6 47. Rxb6 cxb6 48. Rb2 e4 49. Rxb6 Rc7 50. Rb1 Ke5 51. Rd1 g5 52. Kf1 Kf4 53. Ke2 g4 {[%emt 0:00:00] normal} 1-0

[Event "DVM U14w 2019"]
[Site "Neumuenster"]
[Date "2019.12.28"]
[Round "3"]
[White "Müller, Helene"]
[Black "Reiter, Hannah"]
[Result "1-0"]
[ECO "C54"]
[WhiteElo "1545"]
[BlackElo "1373"]
[Annotator "NA RC"]
[PlyCount "105"]
[EventDate "2019.12.27"]
[EventType "team-tourn"]
[EventRounds "7"]
[EventCountry "GER"]
[SourceTitle "playchess.com"]
[Source "ChessBase"]
[SourceQuality "1"]
[WhiteTeam "SC Borussia Lichtenberg"]
[BlackTeam "Karlsruher SF"]
[BlackTeamCountry "GER"]
[TimeControl "40/5400+30:1800+30"]

1. e4 e5 2. Nf3 Nc6 3. Bc4 Bc5 4. c3 Nf6 5. d3 d6 6. Nbd2 Bg4 7. O-O O-O 8. Re1 Nh5 9. h3 Bxf3 10. Nxf3 h6 11. Nxe5 dxe5 12. Qxh5 Qf6 13. Be3 Bxe3 14. Rxe3 Rad8 15. Rf3 Qe7 16. Re1 Na5 17. Bb5 a6 18. Ba4 b5 19. Bc2 c5 20. b3 c4 21. bxc4 bxc4 22. d4 exd4 23. Qxa5 d3 24. Bd1 d2 25. Re2 Qb7 26. e5 Qb1 27. Qa4 Qc1 28. Rf4 Rb8 29. Rd4 Rb2 30. Kh2 Qxc3 31. Qxc4 Qa5 32. a4 Rd8 33. Rxd8+ Qxd8 34. Qc3 Ra2 35. Qb3 Ra1 36. Qc2 Qd4 37. Rxd2 Qxe5+ 38. g3 Qe8 39. Qb2 Rxd1 40. Rxd1 f6 41. Qb3+ Kh7 42. Qd3+ g6 43. Qxa6 Kg7 44. Qb7+ Kf8 45. Qc7 Qe7 46. Rd8+ Kf7 47. Rd7 Qxd7 48. Qxd7+ Kf8 49. a5 f5 50. a6 f4 51. a7 fxg3+ 52. fxg3 g5 53. a8=Q# {[%emt 0:00:09] normal Ke8 Qc7#} 1-0

[Event "DVM U14w 2019"]
[Site "Neumuenster"]
[Date "2019.12.28"]
[Round "3"]
[White "Voigt, Anastasia"]
[Black "Boutayeb, Malak"]
[Result "1-0"]
[ECO "C54"]
[WhiteElo "1511"]
[BlackElo "800"]
[Annotator "NA RC"]
[PlyCount "51"]
[EventDate "2019.12.27"]
[EventType "team-tourn"]
[EventRounds "7"]
[EventCountry "GER"]
[SourceTitle "playchess.com"]
[Source "ChessBase"]
[SourceQuality "1"]
[WhiteTeam "USV Halle"]
[BlackTeam "VSG 1880 Offenbach"]
[WhiteTeamCountry "GER"]
[TimeControl "40/5400+30:1800+30"]

1. e4 e5 2. Nf3 Nc6 3. Bc4 Bc5 4. c3 Nf6 5. d3 d5 6. exd5 Nxd5 7. Qb3 Be6 8. Qxb7 Bd7 9. Bxd5 O-O 10. O-O Qf6 11. Qxc7 Qd6 12. Qxd6 Bxd6 13. b4 Rab8 14. Nbd2 a5 15. a3 axb4 16. axb4 Rbc8 17. Nc4 Be7 18. Nfxe5 Be6 19. Bxc6 Bxc4 20. dxc4 Bf6 21. Nd7 Bxc3 22. Ra3 Bxb4 23. Rb3 Bc5 24. Nxf8 Kxf8 25. Bd5 Rd8 26. Rb7 {[%emt 0:00:20] normal} 1-0

[Event "DVM U14w 2019"]
[Site "Neumuenster"]
[Date "2019.12.28"]
[Round "3"]
[White "Ramien, Hannah"]
[Black "von Beckh, Frieda"]
[Result "1-0"]
[ECO "B23"]
[WhiteElo "1439"]
[BlackElo "1513"]
[Annotator "NA RC"]
[PlyCount "67"]
[EventDate "2019.12.27"]
[EventType "team-tourn"]
[EventRounds "7"]
[EventCountry "GER"]
[SourceTitle "playchess.com"]
[Source "ChessBase"]
[SourceQuality "1"]
[WhiteTeam "SG Porz"]
[BlackTeam "SV Multatuli Ingelheim"]
[WhiteTeamCountry "GER"]
[BlackTeamCountry "GER"]
[TimeControl "40/5400+30:1800+30"]

1. e4 c5 2. Nc3 Nc6 3. f4 g6 4. Nf3 Bg7 5. Bc4 d6 6. O-O Bg4 7. Bxf7+ Kxf7 8. Ng5+ Ke8 9. Qxg4 Nd4 10. Qd1 Nh6 11. Ne2 Qd7 12. c3 Ne6 13. Qb3 Nd8 14. Ng3 e6 15. d3 Nhf7 16. f5 Nxg5 17. Bxg5 e5 18. Bxd8 Rxd8 19. Qe6+ Qe7 20. Rf3 Bh6 21. Raf1 Rd7 22. Qxe7+ Rxe7 23. fxg6 hxg6 24. Rf6 Be3+ 25. Kh1 Reh7 26. h3 g5 27. Rg6 Bf4 28. Nf5 Kf7 29. Rxd6 Ke8 30. Rg6 Kf7 31. Rd6 Ke8 32. Re6+ Kd7 33. Rg6 Rh5 34. Kg1 {[%emt 0:01:42] normal} 1-0

[Event "DVM U14w 2019"]
[Site "Neumuenster"]
[Date "2019.12.28"]
[Round "3"]
[White "Nguyen, Jenny Ha-Linh"]
[Black "Evering, Enna"]
[Result "*"]
[ECO "C55"]
[WhiteElo "1387"]
[BlackElo "1556"]
[Annotator "NA RC"]
[PlyCount "35"]
[EventDate "2019.12.27"]
[EventType "team-tourn"]
[EventRounds "7"]
[EventCountry "GER"]
[SourceTitle "playchess.com"]
[Source "ChessBase"]
[SourceQuality "1"]
[WhiteTeam "SG Leipzig"]
[BlackTeam "SC Papenburg"]
[WhiteTeamCountry "GER"]
[BlackTeamCountry "GER"]
[TimeControl "40/5400+30:1800+30"]

1. e4 e5 2. Nf3 Nc6 3. Bc4 Nf6 4. d3 Be7 5. c3 O-O 6. O-O d5 7. exd5 Nxd5 8. Re1 Bg4 9. Bb3 {[%emt 0:01:38] unterminated} Re8 {[%emt 0:14:01] unterminated} 10. Bc2 {[%emt 0:10:39] unterminated} Bf8 {[%emt 0:08:42] unterminated} 11. Nbd2 {[%emt 0:03:05] unterminated} Nb6 {[%emt 0:05:15] unterminated} 12. Ne4 {[%emt 0:05:41] unterminated} f6 {[%emt 0:06:15] unterminated} 13. Bb3+ {[%emt 0:08:09] unterminated} Be6 {[%emt 0:08:38] unterminated} 14. Bxe6+ {[%emt 0:06:43] unterminated} Rxe6 {[%emt 0:01:07] unterminated} 15. Qb3 {[%emt 0:01:22] unterminated} Qe7 {[%emt 0:13:57] unterminated} 16. Nc5 {[%emt 0:11:45] unterminated} Qxc5 17. Qxe6+ Kh8 18. Qb3 {[%emt 0:06:58] unterminated} *

[Event "DVM U14w 2019"]
[Site "Neumuenster"]
[Date "2019.12.28"]
[Round "3"]
[White "Dixon Quiroz, Laura Michaela"]
[Black "Stowicek, Yara Mathilda"]
[Result "*"]
[ECO "C50"]
[WhiteElo "1310"]
[BlackElo "1682"]
[Annotator "NA RC"]
[PlyCount "42"]
[EventDate "2019.12.27"]
[EventType "team-tourn"]
[EventRounds "7"]
[EventCountry "GER"]
[SourceTitle "playchess.com"]
[Source "ChessBase"]
[SourceQuality "1"]
[WhiteTeam "VSG 1880 Offenbach"]
[BlackTeam "USV Halle"]
[WhiteTeamCountry "GER"]
[BlackTeamCountry "GER"]
[TimeControl "40/5400+30:1800+30"]

1. e4 e5 2. Nf3 Nc6 3. Bc4 Nf6 4. d3 Bc5 5. c3 a6 6. Bb3 d6 7. h3 Ba7 8. Nbd2 O-O 9. O-O {[%emt 0:00:27] unterminated} Ne7 {[%emt 0:09:13] unterminated} 10. Re1 {[%emt 0:02:10] unterminated} Ng6 {[%emt 0:01:50] unterminated} 11. Nf1 {[%emt 0:02:02] unterminated} Nh5 {[%emt 0:14:57] unterminated} 12. Bg5 {[%emt 0:18:57] unterminated} Qe8 {[%emt 0:06:17] unterminated} 13. Nxe5 {[%emt 0:14:50] unterminated} Qxe5 {[%emt 0:09:20] unterminated} 14. Qxh5 {[%emt 0:01:56] unterminated} Nf4 {[%emt 0:01:28] unterminated} 15. Qh4 Nxd3 16. Re2 {[%emt 0:00:26] unterminated} Nc5 {[%emt 0:09:46] unterminated} 17. Bc2 {[%emt 0:00:34] unterminated} Ne6 {[%emt 0:04:22] unterminated} 18. Be3 {[%emt 0:03:34] unterminated} Bxe3 19. Rxe3 {[%emt 0:00:28] unterminated} Nf4 {[%emt 0:01:43] unterminated} 20. Nh2 {[%emt 0:03:29] unterminated} Ng6 {[%emt 0:04:25] unterminated} 21. Qg3 {[%emt 0:00:32] unterminated} Qb5 {[%emt 0:02:30] unterminated} *

[Event "DVM U14w 2019"]
[Site "Neumuenster"]
[Date "2019.12.28"]
[Round "3"]
[White "Albrecht, Angelique"]
[Black "Sinner, Joselyne"]
[Result "0-1"]
[ECO "C47"]
[WhiteElo "1219"]
[BlackElo "1407"]
[Annotator "NA RC"]
[PlyCount "72"]
[EventDate "2019.12.27"]
[EventType "team-tourn"]
[EventRounds "7"]
[EventCountry "GER"]
[SourceTitle "playchess.com"]
[Source "ChessBase"]
[SourceQuality "1"]
[WhiteTeam "SV Multatuli Ingelheim"]
[BlackTeam "SG Porz"]
[BlackTeamCountry "GER"]
[TimeControl "40/5400+30:1800+30"]

1. e4 e5 2. Nf3 Nc6 3. Nc3 Nf6 4. Bc4 Nxe4 5. Nxe4 d5 6. Bb5 dxe4 7. Bxc6+ bxc6 8. Nxe5 Qf6 9. Nc4 Ba6 10. d3 exd3 11. Qxd3 Qe6+ 12. Be3 Qxc4 13. Qxc4 Bxc4 14. b3 Bb4+ 15. Kd1 Rd8+ 16. Kc1 Bd5 17. Kb2 a6 18. a3 Bd6 19. Rhe1 O-O 20. Rh1 Bxg2 21. Rhg1 Be4 22. Rg4 Bf3 23. Rg5 Bxh2 24. Rf5 Bg4 25. Rg5 f5 26. Rf1 Be5+ 27. Kb1 Bf6 28. f3 h6 29. Rxg4 fxg4 30. fxg4 Rfe8 31. Bf2 Rd2 32. Kc1 Ree2 33. Be3 Rxc2+ 34. Kd1 Bg5 35. Bf2 Red2+ 36. Ke1 Rc1# {[%emt 0:00:04] normal} 0-1

[Event "DVM U14w 2019"]
[Site "Neumuenster"]
[Date "2019.12.28"]
[Round "3"]
[White "Hafermann, Lara"]
[Black "Fischbach, Elina"]
[Result "1-0"]
[ECO "D02"]
[WhiteElo "1161"]
[BlackElo "799"]
[Annotator "NA RC"]
[PlyCount "39"]
[EventDate "2019.12.27"]
[EventType "team-tourn"]
[EventRounds "7"]
[EventCountry "GER"]
[SourceTitle "playchess.com"]
[Source "ChessBase"]
[SourceQuality "1"]
[WhiteTeam "SC Borussia Lichtenberg"]
[BlackTeam "Karlsruher SF"]
[TimeControl "40/5400+30:1800+30"]

1. d4 d5 2. Nf3 Nc6 3. e3 Bg4 4. h3 Bxf3 5. Qxf3 e6 6. c3 Qd7 7. Bd3 Nf6 8. Nd2 Bd6 9. e4 O-O 10. e5 Be7 11. exf6 Bxf6 12. O-O h6 13. Qg3 g5 14. Nf3 Qd8 15. h4 Qe7 16. hxg5 hxg5 17. Bxg5 Bxg5 18. Nxg5 Rfc8 19. Nxe6+ Kh8 20. Qg7# {normal} 1-0

[Event "DVM U14w 2019"]
[Site "Neumuenster"]
[Date "2019.12.28"]
[Round "3"]
[White "Siegel, Irene"]
[Black "Gyácsok, Dzvinka"]
[Result "1/2-1/2"]
[ECO "C44"]
[WhiteElo "1004"]
[BlackElo "997"]
[Annotator "NA RC"]
[PlyCount "77"]
[EventDate "2019.12.27"]
[EventType "team-tourn"]
[EventRounds "7"]
[EventCountry "GER"]
[SourceTitle "playchess.com"]
[Source "ChessBase"]
[SourceQuality "1"]
[WhiteTeam "SG Porz"]
[BlackTeam "SV Multatuli Ingelheim"]
[TimeControl "40/5400+30:1800+30"]

1. e4 e5 2. Nf3 Nc6 3. d4 d6 4. Bc4 Bg4 5. O-O Nxd4 6. Be2 Nxe2+ 7. Qxe2 c6 8. Nc3 Nf6 9. Rd1 d5 10. exd5 Bxf3 11. Qxf3 Bb4 12. dxc6 Qc7 13. cxb7 Rb8 14. Nd5 Nxd5 15. Qxd5 O-O 16. Qe4 Rxb7 17. Qg4 g6 18. Bh6 Re8 19. Qg5 Bf8 20. Rd3 Qxc2 21. Rh3 Rd7 22. g3 Red8 23. Qg4 Bc5 24. Qf3 Rd6 25. Rf1 e4 26. Qf4 Rd1 27. Rxd1 Rxd1+ 28. Kg2 Qxb2 29. g4 e3 30. Rxe3 Bxe3 31. Qxe3 Qb7+ 32. Kh3 Qd7 33. Qe5 f6 34. Qxf6 Qf7 35. Qe5 Rd8 36. f4 Re8 37. Qd4 g5 38. fxg5 Re2 39. Kg3 {[%emt 0:01:07] normal} 1/2-1/2

[Event "DVM U14w 2019"]
[Site "Neumuenster"]
[Date "2019.12.28"]
[Round "3"]
[White "Lenger, Julia"]
[Black "Halas, Neele Zoe"]
[Result "*"]
[ECO "D02"]
[WhiteElo "856"]
[BlackElo "1076"]
[Annotator "NA RC"]
[PlyCount "39"]
[EventDate "2019.12.27"]
[EventType "team-tourn"]
[EventRounds "7"]
[EventCountry "GER"]
[SourceTitle "playchess.com"]
[Source "ChessBase"]
[SourceQuality "1"]
[WhiteTeam "SC Papenburg"]
[BlackTeam "SG Leipzig"]
[TimeControl "40/5400+30:1800+30"]

1. Nf3 d5 2. d4 Nf6 3. g3 Nc6 4. Bg2 Bf5 5. Ne5 {[%emt 0:01:58] unterminated} Qd6 {[%emt 0:09:20] unterminated} 6. Nxc6 {[%emt 0:00:43] unterminated} Qxc6 {[%emt 0:00:31] unterminated} 7. c3 {[%emt 0:02:52] unterminated} e6 {[%emt 0:06:18] unterminated} 8. Nd2 {[%emt 0:03:25] unterminated} Be7 {[%emt 0:05:12] unterminated} 9. Qb3 {[%emt 0:02:52] unterminated} O-O {[%emt 0:04:43] unterminated} 10. O-O {[%emt 0:05:47] unterminated} b6 {[%emt 0:07:04] unterminated} 11. c4 {[%emt 0:08:08] unterminated} Qd7 {[%emt 0:03:20] unterminated} 12. Re1 {[%emt 0:06:38] unterminated} Rac8 {[%emt 0:04:35] unterminated} 13. cxd5 {[%emt 0:02:18] unterminated} exd5 {[%emt 0:01:04] unterminated} 14. e4 dxe4 {[%emt 0:00:19] unterminated} 15. Qc3 {[%emt 0:06:25] unterminated} Qd5 {[%emt 0:09:53] unterminated} 16. Nb3 {[%emt 0:06:48] unterminated} c5 {[%emt 0:03:24] unterminated} 17. dxc5 Bxc5 {[%emt 0:00:17] unterminated} 18. Be3 {[%emt 0:03:06] unterminated} Bxe3 {[%emt 0:03:32] unterminated} 19. Qxe3 {[%emt 0:01:35] unterminated} Rfe8 {[%emt 0:07:43] unterminated} 20. Rad1 {[%emt 0:03:54] unterminated} *

[Event "DVM U14w 2019"]
[Site "Neumuenster"]
[Date "2019.12.28"]
[Round "4"]
[White "Dietz, Kristin"]
[Black "Reuter, Elisa"]
[Result "1-0"]
[ECO "B33"]
[WhiteElo "1946"]
[BlackElo "1850"]
[Annotator "NA"]
[PlyCount "157"]
[EventDate "2019.12.27"]
[EventType "team-tourn"]
[EventRounds "7"]
[EventCountry "GER"]
[SourceTitle "playchess.com"]
[Source "ChessBase"]
[SourceQuality "1"]
[WhiteTeam "USV Halle"]
[BlackTeam "SG Leipzig"]
[WhiteTeamCountry "GER"]
[BlackTeamCountry "GER"]
[TimeControl "40/5400+30:1800+30"]

1. e4 c5 2. Nf3 Nc6 3. d4 cxd4 4. Nxd4 Nf6 5. Nc3 e5 6. Ndb5 d6 7. Bg5 a6 8. Na3 b5 9. Nd5 Be7 10. Bxf6 Bxf6 11. Be2 Bg5 12. O-O O-O 13. c3 Be6 14. Nc2 f5 15. Bf3 f4 16. a4 bxa4 17. Rxa4 Ne7 18. Qd3 Nxd5 19. exd5 Bf5 20. Be4 Bxe4 21. Qxe4 Qb6 22. Qb4 Qc7 23. Qc4 Qxc4 24. Rxc4 Rfb8 25. Rb1 Rb5 26. Ra4 Rxd5 27. Nb4 Rb5 28. Rxa6 Rxa6 29. Nxa6 Bd8 30. Nb4 Ba5 31. Na2 Bb6 32. b4 Rd5 33. c4 Rd2 34. Nc3 Bxf2+ 35. Kf1 Be3 36. b5 Rc2 37. Ne4 Rxc4 38. Nxd6 Rd4 39. Nf5 Rd7 40. Nxe3 fxe3 41. Ke2 Kf7 42. Kxe3 Ke6 43. b6 Rb7 44. Ke4 Kd6 45. Rb2 Ke6 46. Rb3 Kd6 47. Rb5 Kc6 48. Rb3 Kd6 49. h4 Ke6 50. h5 Kd6 51. g4 h6 52. Rb2 Ke6 53. Rb1 Kd6 54. Kf5 Rf7+ 55. Kg6 Rb7 56. g5 hxg5 57. Kxg5 Ke6 58. Rb5 Kd6 59. Kf5 Rf7+ 60. Ke4 Rb7 61. Rb1 Ke6 62. Rg1 Kd6 63. Rg6+ Kc5 64. Kxe5 Re7+ 65. Re6 Rb7 66. Kf5 Kd5 67. Re5+ Kd6 68. Rb5 Kc6 69. Rb1 Kd6 70. Kg6 Kd5 71. Rf1 Ke6 72. Rc1 Rxb6 73. Re1+ Kd7+ 74. Kxg7 Rb2 75. Rg1 Ke6 76. h6 Rb7+ 77. Kg6 Rb8 78. h7 Ke5 79. Rh1 {[%emt 0:00:00] normal} 1-0

[Event "DVM U14w 2019"]
[Site "Neumuenster"]
[Date "2019.12.28"]
[Round "4"]
[White "Stowicek, Yara Mathilda"]
[Black "Nguyen, Jenny Ha-Linh"]
[Result "1-0"]
[ECO "B13"]
[WhiteElo "1682"]
[BlackElo "1387"]
[Annotator "NA"]
[PlyCount "67"]
[EventDate "2019.12.27"]
[EventType "team-tourn"]
[EventRounds "7"]
[EventCountry "GER"]
[SourceTitle "playchess.com"]
[Source "ChessBase"]
[SourceQuality "1"]
[WhiteTeam "USV Halle"]
[BlackTeam "SG Leipzig"]
[WhiteTeamCountry "GER"]
[BlackTeamCountry "GER"]
[TimeControl "40/5400+30:1800+30"]

1. e4 c6 2. d4 d5 3. exd5 cxd5 4. Bd3 Nc6 5. c3 Qc7 6. h3 Nf6 7. Nf3 e5 8. dxe5 Nxe5 9. Bc2 Bd6 10. O-O O-O 11. Bg5 Ned7 12. Nd4 a6 13. Nd2 b5 14. N2f3 Bb7 15. Nf5 Bc5 16. N3d4 Rac8 17. Rc1 Ba7 18. Bh4 Qb6 19. Ne7+ Kh8 20. Nxc8 Rxc8 21. Re1 Qd8 22. Nf5 Bc5 23. Re2 Nf8 24. Bg3 Ne6 25. Qd2 h6 26. Be5 Kg8 27. Qd3 Nf8 28. Qg3 Ng6 29. Nxh6+ Kf8 30. Bxg6 fxg6 31. Qxg6 Qd7 32. Bxf6 Rc6 33. Bxg7+ Qxg7 34. Qe8# {[%emt 0:00:11] normal} 1-0

[Event "DVM U14w 2019"]
[Site "Neumuenster"]
[Date "2019.12.28"]
[Round "4"]
[White "Buchholz, Maja"]
[Black "Ramien, Hannah"]
[Result "1-0"]
[ECO "A20"]
[WhiteElo "1666"]
[BlackElo "1439"]
[Annotator "NA"]
[PlyCount "79"]
[EventDate "2019.12.27"]
[EventType "team-tourn"]
[EventRounds "7"]
[EventCountry "GER"]
[SourceTitle "playchess.com"]
[Source "ChessBase"]
[SourceQuality "1"]
[WhiteTeam "VSG 1880 Offenbach"]
[BlackTeam "SG Porz"]
[WhiteTeamCountry "GER"]
[BlackTeamCountry "GER"]
[TimeControl "40/5400+30:1800+30"]

1. c4 e5 2. g3 Nf6 3. Bg2 Nc6 4. Nc3 Bc5 5. e3 d6 6. Nge2 Bd7 7. O-O O-O 8. a3 a5 9. Rb1 Re8 10. d4 exd4 11. exd4 Bb6 12. b4 axb4 13. axb4 Bf5 14. Rb2 Ne4 15. Be3 Nxc3 16. Nxc3 Ra3 17. Qd2 Qd7 18. Rc1 h6 19. c5 dxc5 20. dxc5 Qxd2 21. Rxd2 Ba7 22. Nb5 Rb3 23. Bxc6 bxc6 24. Nxa7 Rxb4 25. Nxc6 Rb7 26. Nd4 Bg6 27. c6 Rbb8 28. Bf4 Re7 29. Ra2 Bd3 30. Ra3 Bg6 31. Ra7 Rc8 32. Nb5 Kf8 33. Nxc7 Kg8 34. Bd6 Re4 35. Ra8 Rxa8 36. Nxa8 Bf5 37. c7 Bc8 38. Nb6 Re8 39. Nxc8 Rxc8 40. Rb1 {[%emt 0:00:05] normal} 1-0

[Event "DVM U14w 2019"]
[Site "Neumuenster"]
[Date "2019.12.28"]
[Round "4"]
[White "Oswald, Hannah"]
[Black "Zhou, Lepu Coco"]
[Result "0-1"]
[ECO "C55"]
[WhiteElo "1647"]
[BlackElo "1892"]
[Annotator "NA"]
[PlyCount "84"]
[EventDate "2019.12.27"]
[EventType "team-tourn"]
[EventRounds "7"]
[EventCountry "GER"]
[SourceTitle "playchess.com"]
[Source "ChessBase"]
[SourceQuality "1"]
[WhiteTeam "SG Leipzig"]
[BlackTeam "USV Halle"]
[WhiteTeamCountry "GER"]
[BlackTeamCountry "GER"]
[TimeControl "40/5400+30:1800+30"]

1. e4 e5 2. Nf3 Nc6 3. Bc4 Nf6 4. d3 Be7 5. c3 O-O 6. O-O d6 7. Nbd2 Na5 8. Bb5 a6 9. Ba4 b5 10. Bc2 c5 11. Re1 Be6 12. Nf1 Qc7 13. Ng3 Rfc8 14. Bd2 Rab8 15. h3 c4 16. Qe2 cxd3 17. Bxd3 Nc4 18. Bxc4 Bxc4 19. Qd1 a5 20. Re3 d5 21. b3 dxe4 22. Nxe4 Nxe4 23. Rxe4 Bd5 24. Re1 f6 25. Nh4 Qc6 26. Nf5 Bf8 27. Ne3 Be4 28. f3 Bg6 29. c4 Rd8 30. Qe2 Bd3 31. Qf2 bxc4 32. Bxa5 Rd7 33. bxc4 Bc5 34. Kh1 Bd4 35. Rad1 Rb2 36. Rd2 Rdb7 37. Qg3 Rxd2 38. Bxd2 Rb2 39. Ba5 Rxa2 40. Bb4 Bxe3 41. Rxe3 Bf1 42. Qe1 Bxg2+ {[%emt 0:00:00] normal} 0-1

[Event "DVM U14w 2019"]
[Site "Neumuenster"]
[Date "2019.12.28"]
[Round "4"]
[White "Becker, Linda"]
[Black "Werner, Rosalie"]
[Result "1-0"]
[ECO "C01"]
[WhiteElo "1617"]
[BlackElo "1674"]
[Annotator "NA"]
[PlyCount "67"]
[EventDate "2019.12.27"]
[EventType "team-tourn"]
[EventRounds "7"]
[EventCountry "GER"]
[SourceTitle "playchess.com"]
[Source "ChessBase"]
[SourceQuality "1"]
[WhiteTeam "SG Porz"]
[BlackTeam "VSG 1880 Offenbach"]
[WhiteTeamCountry "GER"]
[BlackTeamCountry "GER"]
[TimeControl "40/5400+30:1800+30"]

1. e4 e6 2. d4 d5 3. exd5 exd5 4. c4 Nf6 5. Nf3 Be7 6. Bd3 dxc4 7. Bxc4 Bg4 8. Bxf7+ Kf8 9. Bb3 Nc6 10. Be3 Bb4+ 11. Nc3 Nd5 12. Rc1 Nxe3 13. fxe3 Qe7 14. Qe2 Bxc3+ 15. bxc3 g6 16. O-O Kg7 17. h3 Bf5 18. Nd2 Rhf8 19. e4 Bd7 20. Rce1 a5 21. Qc4 b5 22. Qe2 b4 23. Qe3 a4 24. Rxf8 Kxf8 25. Rf1+ Ke8 26. Rf7 Qh4 27. Bd5 b3 28. a3 Rb8 29. Qf3 Qh6 30. Bxc6 Bxc6 31. Qf6 Qg5 32. Re7+ Kd8 33. Qf8+ Be8 34. Qxe8# {[%emt 0:00:06] normal} 1-0

[Event "DVM U14w 2019"]
[Site "Neumuenster"]
[Date "2019.12.28"]
[Round "4"]
[White "Sinner, Joselyne"]
[Black "Dixon Quiroz, Laura Michaela"]
[Result "1/2-1/2"]
[ECO "C48"]
[WhiteElo "1407"]
[BlackElo "1310"]
[Annotator "NA"]
[PlyCount "59"]
[EventDate "2019.12.27"]
[EventType "team-tourn"]
[EventRounds "7"]
[EventCountry "GER"]
[SourceTitle "playchess.com"]
[Source "ChessBase"]
[SourceQuality "1"]
[WhiteTeam "SG Porz"]
[BlackTeam "VSG 1880 Offenbach"]
[WhiteTeamCountry "GER"]
[BlackTeamCountry "GER"]
[TimeControl "40/5400+30:1800+30"]

1. e4 e5 2. Nf3 Nc6 3. Nc3 Nf6 4. Bb5 d6 5. d4 exd4 6. Nxd4 Bd7 7. O-O g6 8. Be3 Bg7 9. h3 O-O 10. Nxc6 bxc6 11. Bd3 Be6 12. Be2 Nd7 13. Qd2 Qe7 14. f4 f5 15. Bd4 c5 16. Bxg7 Qxg7 17. exf5 Rxf5 18. Bg4 Rf6 19. Ne4 Bxg4 20. Nxf6+ Nxf6 21. hxg4 Rb8 22. g5 Nd7 23. b3 Rf8 24. Rad1 Nb6 25. c4 h6 26. gxh6 Qxh6 27. Rf3 Rf5 28. Qe3 Qf8 29. Rg3 Kg7 30. Qc3+ {normal} 1/2-1/2

[Event "DVM U14w 2019"]
[Site "Neumuenster"]
[Date "2019.12.28"]
[Round "4"]
[White "Berghold, Lotta"]
[Black "Glowiak, Alexandra"]
[Result "1/2-1/2"]
[ECO "D05"]
[WhiteElo "1398"]
[BlackElo "1403"]
[Annotator "NA"]
[PlyCount "41"]
[EventDate "2019.12.27"]
[EventType "team-tourn"]
[EventRounds "7"]
[EventCountry "GER"]
[SourceTitle "playchess.com"]
[Source "ChessBase"]
[SourceQuality "1"]
[WhiteTeam "SC Borussia Lichtenberg"]
[BlackTeam "SV Traktor Priestewitz"]
[WhiteTeamCountry "GER"]
[TimeControl "40/5400+30:1800+30"]

1. d4 d5 2. Nf3 Nf6 3. e3 e6 4. Bd3 Bd6 5. O-O O-O 6. Nbd2 c5 7. c3 Nc6 8. dxc5 Bxc5 9. e4 dxe4 10. Nxe4 Nxe4 11. Bxe4 Qc7 12. Qe2 Rd8 13. Be3 Bxe3 14. Qxe3 f6 15. Rad1 Ne7 16. Rd2 Rxd2 17. Qxd2 e5 18. h3 Be6 19. a3 Rd8 20. Qc1 Qd7 21. Bc2 {[%emt 0:03:07] normal} 1/2-1/2